 Dungeon Crawl Stone Soup version 0.15-a0-1253-g15b4f57 (webtiles) character file.

115 Ketzer the Skirmisher (level 5, -14/50 HPs)
             Began as a Naga Fighter on June 4, 2014.
             Demolished by Hererhu the merfolk
             ... wielding a +0,+0 trident
             ... created by the player character
              (22 damage)
             ... on Level 3 of the Dungeon.
             The game lasted 00:23:59 (1778 turns).

Ketzer the Skirmisher (Naga Fighter)                Turns: 1778, Time: 00:23:59

HP -14/50        AC  8     Str 19      XL: 5   Next:  0%
MP  14/14        EV  3     Int  8      God:
Gold 144         SH  0     Dex 16      Spells:  0 memorised,  4 levels left

rFire  . . .     SeeInvis +     a - +0 trident
rCold  . . .     Clarity  .     f - +0 plate armour
rNeg   . . .     rCorr    .     c - +0 shield
rPois  +         rRot     .     (no helmet)
rElec  .         Spirit   .     (no cloak)
SustAb .         Warding  .     (no gloves)
rMut   .         Stasis   .     (no barding)
Gourm  .                        (no amulet)
MR     .....                    l - ring of magical power
                                k - ring of poison resistance

@: agile, very slightly contaminated, held, very slow, not resistant to hostile
enchantments, extremely unstealthy
A: spit poison, see invisible, deformed body, poison resistance, slowness 2, AC
+1
a: Spit Poison


You were on level 3 of the Dungeon.
You were not hungry.

You visited 1 branch of the dungeon, and saw 4 of its levels.

You collected 144 gold pieces.

Inventory:

Hand weapons
 a - a +0,+0 trident (weapon)
Armour
 b - a +0 scale mail
 c - a +0 shield (worn)
 f - a +0 plate armour (worn)
Magical devices
 t - a wand of flame (7) {unknown}
Comestibles
 d - a bread ration
 r - 3 fruits
Scrolls
 g - a scroll of remove curse {unknown}
 i - a scroll of enchant weapon II {unknown}
 j - 2 scrolls of fog {unknown}
 m - a scroll of random uselessness {unknown}
 n - 2 scrolls of amnesia {unknown}
 o - 3 scrolls of identify {unknown}
 s - a scroll of teleportation {unknown}
Jewellery
 k - a ring of poison resistance (left hand)
 l - a ring of magical power (right hand)
Potions
 e - 3 potions of might
 h - a potion of restore abilities
 q - 3 potions of curing
Miscellaneous
 v - a plain deck of changes {drawn: 4}


   Skills:
 * Level 3.7 Fighting
 * Level 3.3 Polearms
 + Level 2.9 Armour
 - Level 0.2 Dodging
 - Level 2.8 Shields


You had 4 spell levels left.
You didn't know any spells.

Dungeon Overview and Level Annotations

Branches:
Dungeon (4/15)
 Temple: D:4-7

Altars:
Nemelex Xobeh
Zin

Shops:
D:2 *


Innate Abilities, Weirdness & Mutations

You cannot wear boots.
You can spit poison.
Your serpentine skin is tough (AC +1).
You have supernaturally acute eyesight.
Armour fits poorly on your strangely shaped body.
Your system is resistant to poisons.
You cover ground very slowly.


Message History

You feel refreshed.
It was a potion of restore abilities.
Hererhu hits you from afar with a trident.
* * * LOW HITPOINT WARNING * * *
Drink which item? (? for menu, Esc to quit)
Okay, then.
You flicker back into view.
Hererhu throws a throwing net.
The throwing net hits you.
You become entangled in the net!
You see here a throwing net.
Drink which item? (? for menu, Esc to quit)
You feel better.
It was a potion of curing.
Drink which item? (? for menu, Esc to quit)
You feel agile all of a sudden.
It was a potion of agility.
Hererhu hits you from afar with a trident.
* * * LOW HITPOINT WARNING * * *
You cannot attack while held in a net.
You struggle against the net.
Hererhu hits you from afar with a trident!!
You die...

#...# ##.####### ######...#
#...##.... ...##_..#
###...##.### ..#####.##.)##
#........### #.........#.####
#....)...... #...........#
#........### #..#.##.#.####.#
###...##%###
#..............####...........
##.######.#..@>.....#####.####
#.#m...###..# #.# #......# .
#.# ###.#### #.# #.....# #.#
#.....# ..# s #.....# ###
#.....# #.....#


You could see Hererhu the merfolk.

Vanquished Creatures
  4 adders
  A worm (D:2)
  2 oozes
  An orc (D:3)
  11 bats
  A giant cockroach (D:2)
  5 hobgoblins
  9 jackals
  2 quokkas (D:2)
  A giant gecko (D:3)
  8 giant newts
  13 goblins
  4 kobolds
  4 rats
66 creatures vanquished.

Notes
Turn   | Place    | Note
--------------------------------------------------------------
     0 | D:1      | Ketzer, the Naga Fighter, began the quest for the Orb.
     0 | D:1      | Reached XP level 1. HP: 21/21 MP: 1/1
    92 | D:1      | Reached XP level 2. HP: 21/28 MP: 2/2
   423 | D:1      | Reached XP level 3. HP: 31/34 MP: 3/3
  1121 | D:2      | Reached XP level 4. HP: 33/42 MP: 4/4
  1167 | D:2      | Found Zin's Purification Station.
  1173 | D:2      | Found a glowing silver altar of Zin.
  1695 | D:3      | Found a sparkling altar of Nemelex Xobeh.
  1742 | D:4      | Reached XP level 5. HP: 46/50 MP: 5/5
  1763 | D:3      | Noticed Hererhu
  1778 | D:3      | Demolished by Hererhu the merfolk

Action                   |  1- 3 |  4- 6 || total
-------------------------+-------+-------++-------
Melee: Trident           |   209 |   135 ||   344
Evoke: Deck              |       |     4 ||     4
  Use: Potion            |     1 |     4 ||     5
